 Dungeon Crawl Stone Soup version 0.30.1-9-gdf580d7c3d (webtiles) character file.

Game seed: 5895237129905892224

20294 tkbsonic5 the Fighter (level 13, -3/96 HPs)
             Began as a Djinni Fire Elementalist on Oct 21, 2023.
             Was a Priest of Fedhas.
             Shot with an arrow by a centaur (8 damage)
             ... on level 11 of the Dungeon.
             The game lasted 00:54:57 (13988 turns).

tkbsonic5 the Fighter (Djinni Fire Elementalist)   Turns: 13988, Time: 00:54:58

Health: -3/96      AC: 25    Str:  7    XL:     13   Next: 11%
Gold:   409        EV: 13    Int: 25    God:    Fedhas [***...] SH:  0 Dex: 14

rFire   + + .        n - +8 dagger of Deso {speed, rCorr MP+9 Int+3}
rCold   x . .        (no shield)
rNeg    . . .        l - +9 ring mail "Leerr" {Rampage rPois, "Ruby Duelist's Garb"}
rPois   ∞            f - +1 helmet {chubby chaser goggles}
rElec   .            i - +2 cloak
rCorr   +            (no gloves)
SInv    .            (boots unavailable)
Will    +....        (no amulet)
Stlth   +            K - ring of the Mage {Wiz Archmagi, Amelia's Pact Ring}
HPRegen 0.36/turn    p - +4 ring of protection
MPRegen 0.00/turn

%: rampage, wizardry (x1), archmagi, infuse magic (-4 HP)
@: mighty, flying, invisible
A: sickness immunity, fire resistance 2, cold vulnerability 1, float, innate
caster, HP casting, extra vitality 1
a: Renounce Religion, Wall of Briars, Grow Ballistomycete


You were on level 11 of the Dungeon.
You worshipped Fedhas.
Fedhas was most pleased with you.
You visited 2 branches of the dungeon, and saw 12 of its levels.

You collected 676 gold pieces.
You spent 267 gold pieces at shops.

Inventory:

Hand Weapons
 g - a +0 short sword
 n - the +8 dagger of Deso (weapon) {speed, rCorr MP+9 Int+3}
   (You bought it in a shop on level 9 of the Dungeon)

   Int:       It affects your intelligence (+3).
   MP:        It affects your magic capacity (+9).
   rCorr:     It protects you from acid and corrosion.
 x - a +4 vampiric war axe {Yandere, 2}
 G - a +4 quarterstaff of chaos
Missiles
 b - 5 javelins
 D - 17 poisoned darts
Armour
 a - a +0 robe {Flame Mother Av1}
 d - a +0 leather armour
 f - a +1 helmet (worn) {chubby chaser goggles}
 i - a +2 cloak (worn)
 l - the +9 ring mail "Leerr" (worn) {Rampage rPois, "Ruby Duelist's Garb"}
   (You found it on level 2 of the Dungeon)

   rPois:     It protects you from poison.
   Rampage:   It bestows one free step when moving towards enemies.
 t - +0 acid dragon scales
 w - a +0 ring mail of fire resistance
 y - a +0 kite shield
 z - a +2 robe of cold resistance
Magical Staves
 E - a staff of fire {Bauhaus}
Jewellery
 p - a +4 ring of protection (right hand)
 K - the ring of the Mage (left hand) {Wiz Archmagi, Amelia's Pact Ring}
   (You found it on level 5 of the Dungeon)

   [ring of wizardry]

   It improves your spell success rate.
   Archmagi:  It increases the power of your magical spells.
Wands
 e - a wand of polymorph (4)
 I - a wand of flame (14) (quivered)
Scrolls
 c - a scroll of amnesia
 k - a scroll of immolation {unknown}
 m - a scroll of teleportation
 s - a scroll of summoning {unknown}
 u - a scroll of blinking
 L - 2 scrolls of poison
 N - a scroll of vulnerability {unknown}
Potions
 h - a potion of attraction {unknown}
 j - 2 potions of berserk rage
 o - 2 potions of flight
 r - a potion of cancellation {unknown}
 v - a potion of degeneration {unknown}
 A - a potion of might
 C - 3 potions of ambrosia
 M - a potion of magic {unknown}
 O - a potion of lignification {unknown}


   Skills:
 * Level 10.0 Fighting
 * Level 5.6 Short Blades
 - Level 4.0 Axes
 + Level 7.4 Armour
 + Level 8.6 Dodging
 - Level 1.8 Stealth
 * Level 8.1 Spellcasting
 + Level 5.3 Invocations
 - Level 5.4 Evocations


You knew the following spells:

 Your Spells              Type           Power      Damage    Failure   Level
a - Foxfire               Conj/Fire      100%       2x1d9     1%          1
b - Scorch                Fire           100%       2d9       1%          2
c - Volatile Blastmotes   Fire/Tloc      100%       2d18      1%          3
d - Inner Flame           Hex/Fire       66%        N/A       1%          3
e - Flame Wave            Conj/Fire      66%        2d15      2%          4
f - Shock                 Conj/Air       100%       1d9       1%          1
g - Poisonous Vapours     Pois/Air       100%       N/A       1%          2
h - Spider Form           Tmut/Pois      66%        N/A       1%          3
i - Ice Form              Ice/Tmut       66%        N/A       2%          4
j - Cause Fear            Hex            33%        N/A       2%          4
k - Freezing Cloud        Conj/Ice/Air   33%        6-21      6%          5
Your spell library was empty.

Dungeon Overview and Level Annotations

Branches:
Dungeon (11/15)            Temple (1/1) D:7             Orc (0/2) D:10
   Lair: D:8-11

Altars:
Ashenzari
Dithmenos
Elyvilon
Fedhas
Gozag
Makhleb
Nemelex Xobeh
Okawaru
Trog
Uskayaw
Wu Jian
Xom
Zin
The Shining One

Shops:
D:9 ([?[(


Innate Abilities, Weirdness & Mutations

You are immune to sickness and miasma.
You are immune to poison.
Your flesh is very heat resistant. (rF++)
You are vulnerable to cold. (rC-)
You float through the air rather than walking.
You learn spells naturally, not from books.
Your magical power is your life essence.
You have superior vitality. (+4 MHP)


Message History

You feel more buoyant. The centaur hits your ballistomycete.
The centaur kicks your ballistomycete.
Something hits your ballistomycete but does no damage.
Something kicks your ballistomycete. Something hits your ballistomycete.
Something kicks your ballistomycete. The centaur hits your ballistomycete.
The centaur kicks your ballistomycete. Something hits your ballistomycete.
Something kicks your ballistomycete.
It was a potion of might.
You feel very mighty all of a sudden.
The centaur hits your ballistomycete but does no damage.
The centaur kicks your ballistomycete. Something hits your ballistomycete.
Something kicks your ballistomycete.
You hear a shout!
The centaur hits your ballistomycete. The centaur kicks your ballistomycete.
Something hits your ballistomycete. Something kicks your ballistomycete.
The centaur completely misses your ballistomycete.
The centaur kicks your ballistomycete but does no damage.
Something hits your ballistomycete!
Your ballistomycete is destroyed!
Your ballistomycete disappears in a puff of smoke!
Okay, then.
Okay, then.
Aiming: Throw Flame
Press: ? - help, Q - select action, (/) - cycle Shift-Dir - straight line, f - centaur
Aim: a centaur (unable to see you, 84% to hit)
The puff of flame hits the centaur.
The centaur is moderately wounded.
The centaur wields a +0 shortbow.
The centaur shoots an arrow.
The arrow hits you but does no damage.
A centaur comes into view.
You hear a shout!
Aiming: Throw Flame
Press: ? - help, Q - select action, (/) - cycle Shift-Dir - straight line, f/p - centaur
Aim: a centaur, wielding a +0 shortbow (moderately wounded, unable to see you, 84% to hit)
The puff of flame hits the centaur!
The centaur is severely wounded.
The centaur shoots an arrow.
The arrow completely misses you.
The centaur shoots an arrow.
The arrow hits you!
You die...
Fedhas appreciates your contribution to the ecosystem.

#################################
.........c..c....................
.....(((.C..####@....#...........
.....(......# #.....#.........##
....§.......####.....#.........##
...........c.........#.........##
.................................
.....#####.8.8...8..####+###.....
.###................#......#.....
.# #.......8.8.8....#......#...#.
## ##...............#<.....#.....


You could see 2 centaurs.

Vanquished Creatures
  Fannar (D:10)
  A hydra (D:11)
  Harold (D:10)
  7 two-headed ogres
  An ogre mage (D:11)
  A boulder beetle (D:11)
  A deep elf pyromancer (D:11)
  2 cyclopes (D:11)
  3 manticores (D:11)
  A centaur zombie (D:10)
  Maurice (D:10)
  An unseen horror (D:11)
  3 centaur skeletons (D:10)
  4 kobold demonologists
  A spectral unseen horror (D:10)
  A tengu conjurer (D:11)
  2 trolls
  2 shadows (D:11)
  A wyvern (D:7)
  11 yaks
  3 vampire mosquitoes (D:11)
  3 basilisks
  A two-headed ogre zombie (D:10)
  2 acid dragons
  5 water moccasins
  2 orc warriors
  2 ice beasts
  An ogre (D:6)
  2 centaurs (D:11)
  2 phantoms (D:10)
  3 kobold brigands
  A bullfrog (D:8)
  3 scorpions
  A gnoll sergeant (D:9)
  3 wights (D:9)
  A troll zombie (D:10)
  20 killer bees
  A howler monkey (D:11)
  A quasit (D:7)
  3 jellies
  Crazy Yiuf (D:4)
  3 hounds
  A sleepcap (D:5)
  4 orc priests
  An iguana (D:5)
  9 orc wizards
  6 ogre zombies (D:10)
  11 gnolls
  15 adders
  A shadow imp (D:7)
  4 white imps
  2 ufetubi
  2 dart slugs
  21 orcs
  10 ball pythons
  4 endoplasms
  3 giant cockroaches
  9 goblins
  9 hobgoblins
  A jackal (D:1)
  4 quokkas
  2 bats (D:1)
  2 frilled lizards
  2 goblin skeletons (D:10)
  5 goblin zombies (D:10)
  3 hobgoblin skeletons (D:10)
  2 hobgoblin zombies (D:10)
  32 kobolds
  11 orc zombies (D:10)
  7 rats
293 creatures vanquished.

Vanquished Creatures (collateral kills)
  A sleepcap (D:5)
  An orc (D:5)
  4 ballistomycete spores (D:11)
6 creatures vanquished.

Vanquished Creatures (others)
  An adder (D:5)
  274 foxfires
275 creatures vanquished.

Grand Total: 574 creatures vanquished

Notes
Turn   | Place    | Note
-------+----------+-------------------------------------------
     0 | D:1      | tkbsonic5 the Djinni Fire Elementalist began the quest for
                  | the Orb.
     0 | D:1      | tkbsonic5 set off with the following spells memorised:
                  | Foxfire, Scorch, Volatile Blastmotes, Inner Flame, Flame
                  | Wave.
     0 | D:1      | Reached XP level 1. HP: 15/15 MP: 0/0
   146 | D:1      | Reached XP level 2. HP: 17/22 MP: 0/0
   485 | D:1      | Reached skill level 1 in Fighting
   609 | D:1      | Reached XP level 3. HP: 26/27 MP: 0/0
   609 | D:1      | Learned a level 1 spell: Shock
  1049 | D:2      | Identified the +9 ring mail "Leerr" {Rampage rPois}
  1135 | D:2      | Reached XP level 4. HP: 33/33 MP: 0/0
  1344 | D:2      | Reached skill level 1 in Armour
  1385 | D:2      | Reached skill level 1 in Short Blades
  1389 | D:2      | Reached skill level 2 in Fighting
  1389 | D:2      | Reached XP level 5. HP: 15/38 MP: 0/0
  1389 | D:2      | Learned a level 2 spell: Poisonous Vapours
  2003 | D:2      | Reached XP level 6. HP: 45/45 MP: 0/0
  3239 | D:3      | Found a faded altar of an unknown god.
  3442 | D:4      | Reached XP level 7. HP: 49/49 MP: 0/0
  3442 | D:4      | Learned a level 3 spell: Spider Form
  3764 | D:4      | Reached skill level 3 in Fighting
  3900 | D:4      | Found a runed translucent door.
  3901 | D:4      | Noticed Crazy Yiuf
  3912 | D:4      | Killed Crazy Yiuf
  3967 | D:5      | Entered Level 5 of the Dungeon
  4088 | D:5      | Reached skill level 1 in Axes
  4519 | D:5      | Noticed a water moccasin
  4556 | D:5      | Killed a water moccasin
  4557 | D:5      | Reached skill level 1 in Evocations
  4557 | D:5      | Reached XP level 8. HP: 58/58 MP: 0/0
  4585 | D:5      | Found the ring of the Mage {Wiz Archmagi}
  4796 | D:6      | Reached skill level 4 in Fighting
  5727 | D:6      | Reached XP level 9. HP: 57/63 MP: 0/0
  5727 | D:6      | Learned a level 4 spell: Ice Form
  5944 | D:6      | Found a glowing silver altar of Zin.
  5944 | D:6      | Noticed an angel
  6169 | D:7      | Reached skill level 5 in Fighting
  6169 | D:7      | Reached skill level 5 in Dodging
  6313 | D:7      | Found a flagged portal.
  6618 | D:7      | Found a staircase to the Ecumenical Temple.
  6685 | Temple   | Entered the Ecumenical Temple
  6727 | Temple   | Became a worshipper of Fedhas Madash
  7188 | D:8      | Noticed a two-headed ogre
  7198 | D:8      | Killed a two-headed ogre
  7199 | D:8      | Reached skill level 5 in Spellcasting
  7500 | D:8      | Noticed a death yak
  7501 | D:8      | Noticed a death yak
  7640 | D:8      | Noticed a death yak
  7644 | D:8      | Noticed a death yak
  7812 | D:9      | Reached XP level 10. HP: 52/72 MP: 0/0
  7947 | D:9      | Found Omajiv's Antique Weapon Emporium.
  7956 | D:9      | Bought a pitted dagger for 147 gold pieces
  7956 | D:9      | Identified the +8 dagger of Deso {speed, rCorr MP+9 Int+3}
                  | (You bought it in a shop on level 9 of the Dungeon)
  7976 | D:9      | Reached skill level 6 in Fighting
  8030 | D:9      | Noticed a two-headed ogre
  8039 | D:9      | Killed a two-headed ogre
  8040 | D:9      | Reached skill level 5 in Evocations
  8048 | D:9      | Reached * piety under Fedhas
  8449 | D:9      | Found Lettim's Antique Armour Boutique.
  8678 | D:9      | Found Hilaseo's Armour Shoppe.
  8779 | D:9      | Reached skill level 5 in Armour
  8792 | D:9      | Reached skill level 1 in Invocations
  9125 | D:9      | Found Yqybuimn's Magic Scroll Shoppe.
  9127 | D:9      | Found Jecs's Antique Weapon Boutique.
  9135 | D:9      | Bought a scroll of blinking for 120 gold pieces
  9152 | D:10     | Entered Level 10 of the Dungeon
  9154 | D:10     | Noticed Fannar
  9163 | D:10     | HP: 2/73 [Fannar/staff of cold (21)]
  9167 | D:10     | Killed Fannar
  9168 | D:10     | Reached skill level 7 in Fighting
  9434 | D:10     | Noticed a two-headed ogre
  9448 | D:10     | Killed a two-headed ogre
  9449 | D:10     | Reached XP level 11. HP: 63/79 MP: 0/0
  9449 | D:10     | Learned a level 4 spell: Cause Fear
  9735 | D:10     | Noticed Maurice
  9771 | D:10     | Killed Maurice
  9774 | D:10     | Noticed Harold
  9779 | D:10     | Reached ** piety under Fedhas
  9779 | D:10     | Killed Harold
 10569 | D:10     | Reached skill level 8 in Fighting
 11423 | D:10     | Noticed a sun demon
 11475 | D:10     | Reached *** piety under Fedhas
 11586 | D:10     | Found a staircase to the Orcish Mines.
 12103 | D:11     | Noticed a two-headed ogre
 12109 | D:11     | Killed a two-headed ogre
 12110 | D:11     | Reached XP level 12. HP: 82/88 MP: 0/0
 12540 | D:11     | Noticed a two-headed ogre
 12544 | D:11     | Killed a two-headed ogre
 12590 | D:11     | Noticed a two-headed ogre
 12594 | D:11     | Killed a two-headed ogre
 12595 | D:11     | Reached skill level 9 in Fighting
 12616 | D:11     | Noticed a two-headed ogre
 12619 | D:11     | Killed a two-headed ogre
 13140 | D:11     | Noticed a centaur warrior
 13143 | D:11     | Reached **** piety under Fedhas
 13336 | D:11     | Noticed a five-headed hydra
 13346 | D:11     | Killed a five-headed hydra
 13360 | D:11     | Reached skill level 5 in Short Blades
 13361 | D:11     | Noticed an ogre mage
 13375 | D:11     | Killed an ogre mage
 13376 | D:11     | Reached skill level 5 in Invocations
 13574 | D:11     | Noticed a boulder beetle
 13602 | D:11     | Killed a boulder beetle
 13799 | D:11     | Reached XP level 13. HP: 73/96 MP: 0/0
 13799 | D:11     | Learned a level 5 spell: Freezing Cloud
 13904 | D:11     | Reached skill level 10 in Fighting
 13988 | D:11     | Shot with an arrow by a centaur

Illustrated notes

Levels and vault maps discovered:
D:1:      dpeg_arrival_brainrot, layout_loops_ring,
          hangedman_decor_clover_reticule, minmay_heptomino_w4
D:2:      layout_basic, minmay_snake_closets
D:3:      layout_basic, ebering_ecumenical_altar_webs,
          ebering_dispersal_statue_hall, uniq_natasha
D:4:      layout_loops_cross, uniq_crazy_yiuf_cottage
D:5:      layout_basic
D:6:      kennysheep_six_static_rooms, layout_basic, zin_angel
D:7:      layout_loops_cross, minmay_temple_entry_waves, serial_demonic,
          serial_demonic_a, serial_demonic_e, serial_demonic_c,
          serial_demonic_c, enter_bailey_5
D:8:      layout_cave_pods, dpeg_lair_monsters
D:9:      layout_loops_cross, serial_shops, shop, nicolae_shop_trees, shop,
          shop, shop
D:10:     layout_loops_ring, zombieorc2_lemuel, hangedman_weighted_door,
          uniq_maurice, uniq_harold, uniq_fannar
D:11:     minmay_the_grid_triangle_9x9_recursive_3_mashed
          [minmay_the_grid_triangle_9x9_fully_insulated_deathbox,
          minmay_the_grid_triangle_9x9_sparse_checkered,
          minmay_the_grid_triangle_9x9_zippers_horizontal,
          minmay_the_grid_triangle_9x9_prize_insulated,
          minmay_the_grid_triangle_9x9_alien,
          minmay_the_grid_triangle_9x9_sprig,
          minmay_the_grid_triangle_9x9_warning,
          minmay_the_grid_triangle_9x9_flanged_cone,
          minmay_the_grid_triangle_9x9_minimal], layout_stronghold,
          serial_column_ruins, column_ruins_hut_ruined, column_ruins_hut,
          column_ruins_open_small_water, column_ruins_grid_3,
          column_ruins_columns_corner, column_ruins_columns_straight,
          column_ruins_open_tiny, column_ruins_grid_4
Temple:   compressed_dpeg_circular_temple

Skill      XL: |  1  2  3  4  5  6  7  8  9 10 11 12 13 |
---------------+----------------------------------------+-----
Fighting       | 1 2 3 4 5 7 8 9 10 | 10.0
Armour         | 1 2 3 4 5 6 7 |  7.4
Short Blades   | 1 2 3 5 |  5.6
Spellcasting   | 3 4 5 6 7 8 |  8.1
Dodging        | 3 4 5 6 7 8 |  8.6
Axes           | 1 2 4 |  4.0
Evocations     | 1 2 4 5 |  5.4
Invocations    | 2 4 5 |  5.3
Stealth        | |  1.8

Action                     |  1- 3 |  4- 6 |  7- 9 | 10-12 | 13-15 || total
---------------------------+-------+-------+-------+-------+-------++-------
  Melee: Unarmed           |     1 |       |     4 |    12 |       ||    17
         Rapier            |    13 |   194 |       |       |       ||   207
         War axe           |       |    10 |   147 |       |       ||   157
         Punch             |       |     1 |     3 |       |       ||     4
         Staff             |       |       |     3 |     8 |       ||    11
         Dagger            |       |       |       |    11 |       ||    11
  Throw: Javelin           |       |       |     1 |       |     1 ||     2
         Dart              |       |       |     2 |       |     3 ||     5
         Throwing net      |       |       |       |       |     3 ||     3
   Cast: Foxfire           |    50 |    15 |    27 |    93 |     8 ||   193
         Scorch            |    17 |    12 |    28 |   125 |     2 ||   184
         Poisonous Vapours |       |    15 |    24 |     5 |       ||    44
         Volatile Blastmot |       |       |    30 |   101 |       ||   131
         Spider Form       |       |       |     1 |       |       ||     1
         Flame Wave        |       |       |     2 |    62 |     1 ||    65
         Inner Flame       |       |       |     1 |       |       ||     1
         Ice Form          |       |       |       |     2 |       ||     2
         Cause Fear        |       |       |       |     2 |       ||     2
         Freezing Cloud    |       |       |       |       |     5 ||     5
 Invoke: Wall of Briars    |       |       |       |     4 |       ||     4
         Grow Ballistomyce |       |       |       |     2 |     1 ||     3
  Evoke: Wand              |       |       |    15 |     6 |     2 ||    23
    Use: Potion            |       |     1 |     1 |     7 |     3 ||    12
         Scroll            |       |     4 |    10 |     8 |     2 ||    24
   Stab: Sleeping          |       |     2 |       |       |       ||     2
         Distracted        |       |       |       |     1 |       ||     1
 Armour: Leather armour    |     5 |       |       |       |       ||     5
         Ring mail         |     9 |   157 |   148 |   136 |     9 ||   459
         Skin              |       |       |       |     5 |       ||     5
  Dodge: Dodged            |    12 |   140 |   159 |    83 |     5 ||   399
